 Dungeon Crawl Stone Soup version 0.29.0-4-gdea44cf6ec (webtiles) character file.

Game seed: 8574019834965873158

191 qw the Chopper (level 5, 0/42 HPs)
             Began as a Ghoul Enchanter on Sept 7, 2022.
             Killed by divine providence
             ... invoked by an orc priest
              (11 damage)
             ... on level 4 of the Dungeon.
             The game lasted 00:02:19 (4617 turns).

qw the Chopper (Ghoul Enchanter)                    Turns: 4617, Time: 00:02:19

Health: 0/42       AC: 11    Str: 14    XL:     5   Next: 70%
Magic:  6/6        EV:  6    Int: 10    God:
Gold:   100        SH:  0    Dex:  9    Spells: 7/7 levels left

rFire   . . .      SeeInvis .   Y - +0 hand axe
rCold   + . .      Faith    .   (no shield)
rNeg    + + +      Spirit   .   j - +0 chain mail
rPois   inf        Reflect  .   i - +0 helmet
rElec   .          Harm     .   o - +0 cloak
rCorr   .          Rampage  .   r - +0 pair of gloves
Will    .....                   (no boots)
Stlth   ..........              (no amulet)
HPRegen 0.00/turn               (no ring)
MPRegen 0.10/turn               (no ring)

@: inhibited regen
A: claws 1, cold resistance 1, negative energy resistance 3, inhibited
regeneration, torment resistance 2, devour on kill
a: no special abilities


You were on level 4 of the Dungeon.
You visited 1 branch of the dungeon, and saw 4 of its levels.

You collected 170 gold pieces.
You spent 70 gold pieces at shops.


Innate Abilities, Weirdness & Mutations

You are immune to poison.
You have sharp fingernails.
Your flesh is cold resistant. (rC+)
You are immune to negative energy. (rN+++)
You do not regenerate when monsters are visible.
You are immune to unholy pain and torment.
You thrive by killing the living.


   Skills:
 - Level 2.6 Fighting
 - Level 0.8 Short Blades
 - Level 4.0 Axes
 + Level 0.4 Armour
 - Level 1.7 Dodging
 - Level 3.2 Stealth
 - Level 1.7 Spellcasting
 - Level 2.4 Hexes


You had 7 spell levels left.
You didn't know any spells.
Your spell library contained the following spells:

 Spells                   Type           Power      Damage    Failure   Level
 Ensorcelled Hibernation  Hex/Ice        6%         N/A       100%        2
 Confusing Touch          Hex            5%         N/A       100%        3
 Dazzling Flash           Conj/Hex       6%         N/A       100%        3
 Tukima's Dance           Hex            5%         N/A       100%        3

Inventory:

Hand Weapons
 n - a +2 morningstar of electrocution
 Y - a +0 hand axe (weapon)
Armour
 i - a +0 helmet (worn)
 j - a +0 chain mail (worn)
 o - a +0 cloak (worn)
 r - a +0 pair of gloves (worn)
Scrolls
 c - a scroll of identify
Potions
 a - 2 potions of resistance
 b - a potion of heal wounds
 d - a potion of lignification {unknown}
 e - a potion of degeneration {unknown}
 g - a potion of curing
 k - a potion of attraction {unknown}
 l - a potion of brilliance {unknown}
 m - a potion of haste

Dungeon Overview and Level Annotations

Branches:
Dungeon (4/15)
 Temple: D:4-7

Altars:
Cheibriados
Trog
Wu Jian

Shops:
D:1 !   D:4 [


Message History

You hit the orc priest but do no damage.
The hound bites you but does no damage. Something hits you.
The orc priest closely misses you. The hound bites you.
You closely miss the hound.
The hound is heavily wounded.
You closely miss something. You closely miss the orc priest.
The hound bites you but does no damage. Something hits you but does no damage.
The orc priest hits you but does no damage. x2
You closely miss the hound.
The hound is heavily wounded.
You hit something.
You hit the orc priest but do no damage.
The hound bites you but does no damage. Something hits you but does no damage.
The orc priest hits you but does no damage.
The orc priest casts a cantrip, but nothing happens.
The hound bites you but does no damage.
You closely miss the hound.
The hound is heavily wounded.
You barely miss the orc priest. You barely miss something.
The hound stops to sniff the ground.
The hound bites you. Something hits you but does no damage.
The orc priest hits you but does no damage.
The orc priest hits you from afar with a +0 trident.
The hound bites you but does no damage.
You hit the hound.
The hound is heavily wounded.
You miss something.
You hit the orc priest but do no damage.
The hound barely misses you. Something hits you but does no damage.
The orc priest begins to cast a cantrip, but forgets the words!
The orc priest calls down the wrath of Beogh upon you.
Beogh smites you!
You hit the hound.
The hound is severely wounded.
You closely miss something.
You hit the orc priest but do no damage.
The hound bites you but does no damage. Something hits you but does no damage.
The orc priest invokes the aid of Beogh against you.
Beogh smites you!
You die...

..# ...
######.#####..
...8....._. .
#.....###.##
#####..<........
.....lo.........
...##oh..\......
# #..@.....?.#.
#.......>..#
#.........?..
######....8..
......# .......
...... #+#


You could see an iguana, a hound and 2 orc priests.

Vanquished Creatures
  Jessica (D:2)
  7 adders
  5 worms
  A dart slug (D:1)
  6 ball pythons
  7 endoplasms
  2 giant cockroaches
  4 goblins
  4 hobgoblins
  9 jackals
  10 kobolds
  4 quokkas
  11 bats
  10 frilled lizards
  4 rats
85 creatures vanquished.

Vanquished Creatures (others)
  A wizard (D:3)
  15 plants (D:2)
16 creatures vanquished.

Grand Total: 101 creatures vanquished

Notes
Turn   | Place    | Note
-------+----------+-------------------------------------------
     0 | D:1      | qw the Ghoul Enchanter began the quest for the Orb.
     0 | D:1      | Reached XP level 1. HP: 14/14 MP: 2/2
     0 | D:1      | 0 ||| qw: Version: 0.1-a-108-g9e35731
     0 | D:1      | 0 ||| qw: Game counter: 6442
     0 | D:1      | 0 ||| qw: Always use a shield: true
     0 | D:1      | 0 ||| qw: God list: Okawaru
     0 | D:1      | 0 ||| qw: Allow faded altars: false
     0 | D:1      | 0 ||| qw: Do Orc after D:15 true
     0 | D:1      | 0 ||| qw: Do second Lair branch before Depths: true
     0 | D:1      | 0 ||| qw: Lair rune preference: random
     0 | D:1      | 0 ||| qw: Plans: Normal
     0 | D:1      | 0 ||| PLANNING D:1-11
    31 | D:1      | 31 ||| SWAPPING to +0 whip.
    32 | D:1      | 32 ||| DROPPING +1 dagger.
   126 | D:1      | Reached skill level 1 in Axes
   483 | D:1      | Reached XP level 2. HP: 22/22 MP: 3/3
   497 | D:1      | 497 ||| Stepping ~*~*~tactically~*~*~ (stealth).
   512 | D:1      | Reached skill level 1 in Fighting
   743 | D:1      | 743 ||| Stepping ~*~*~tactically~*~*~ (stealth).
   748 | D:1      | 748 ||| Stepping ~*~*~tactically~*~*~ (stealth).
   824 | D:1      | 824 ||| Stepping ~*~*~tactically~*~*~ (stealth).
   825 | D:1      | 825 ||| Stepping ~*~*~tactically~*~*~ (stealth).
   826 | D:1      | 826 ||| Stepping ~*~*~tactically~*~*~ (stealth).
   827 | D:1      | 827 ||| Stepping ~*~*~tactically~*~*~ (stealth).
   828 | D:1      | 828 ||| Stepping ~*~*~tactically~*~*~ (stealth).
   829 | D:1      | 829 ||| Stepping ~*~*~tactically~*~*~ (stealth).
   848 | D:1      | 848 ||| Stepping ~*~*~tactically~*~*~ (stealth).
   858 | D:1      | 858 ||| UPGRADING to +0 ring mail.
  1064 | D:1      | 1064 ||| UPGRADING to +0 ring mail.
  1074 | D:1      | 1074 ||| DROPPING +0 robe.
  1084 | D:1      | 1084 ||| READING scroll labelled EGOICILLOF.
  1215 | D:1      | 1215 ||| Stepping ~*~*~tactically~*~*~ (hiding).
  1221 | D:1      | Found a faded altar of an unknown god.
  1383 | D:1      | Found Oxa Teb's Distillery.
  1388 | D:1      | 1388 ||| SHOPLISTING potion of haste (140 gold, have 81).
  1388 | D:1      | 1388 ||| BUYING potion of heal wounds (70 gold).
  1388 | D:1      | Bought a potion of heal wounds for 70 gold pieces
  1388 | D:1      | 1388 ||| SHOPLISTING potion of heal wounds (70 gold, have
                  | 11).
  1388 | D:1      | 1388 ||| SHOPLISTING potion of might (56 gold, have 11).
  1459 | D:1      | 1459 ||| Stepping ~*~*~tactically~*~*~ (stealth).
  1461 | D:1      | 1461 ||| Stepping ~*~*~tactically~*~*~ (stealth).
  1476 | D:1      | Reached XP level 3. HP: 15/28 MP: 4/4
  1482 | D:1      | Reached skill level 2 in Axes
  1707 | D:1      | 1707 ||| READING scroll labelled PAGOURASCHE.
  1709 | D:1      | 1709 ||| READING 3 scrolls labelled FYTATI ZOYWK.
  1710 | D:1      | 1710 ||| DROPPING 2 potions of invisibility.
  1711 | D:1      | 1711 ||| DROPPING 2 scrolls of butterflies.
  1712 | D:1      | 1712 ||| Stepping randomly (stuck).
  1924 | D:2      | Found the +7 staff of the Meek {protect, meekguard}
  2527 | D:2      | 2527 ||| Stepping ~*~*~tactically~*~*~ (stealth).
  2529 | D:2      | 2529 ||| Stepping ~*~*~tactically~*~*~ (stealth).
  2555 | D:2      | Reached XP level 4. HP: 32/36 MP: 5/5
  2617 | D:2      | 2617 ||| Stepping ~*~*~tactically~*~*~ (outnumbered).
  2619 | D:2      | 2619 ||| Stepping ~*~*~tactically~*~*~ (outnumbered).
  2695 | D:2      | 2695 ||| Stepping ~*~*~tactically~*~*~ (stealth).
  2820 | D:2      | 2820 ||| SWAPPING to +2 morningstar of protection.
  2821 | D:2      | 2821 ||| DROPPING +0 whip.
  2835 | D:2      | 2835 ||| Stepping ~*~*~tactically~*~*~ (stealth).
  2862 | D:2      | Reached skill level 3 in Axes
  2891 | D:2      | HP: 9/36 [adder (3)]
  2892 | D:2      | 2892 ||| DRINKING 2 potions of heal wounds.
  3174 | D:2      | Noticed Jessica
  3175 | D:2      | 3175 ||| Stepping ~*~*~tactically~*~*~ (hiding).
  3278 | D:2      | 3278 ||| Stepping ~*~*~tactically~*~*~ (hiding).
  3283 | D:2      | Killed Jessica
  3284 | D:2      | Reached XP level 5. HP: 41/41 MP: 6/6
  3727 | D:2      | 3727 ||| UPGRADING to +0 helmet.
  3732 | D:2      | 3732 ||| READING scroll labelled GIOPPESECI.
  3733 | D:2      | 3733 ||| DRINKING 2 glowing emerald potions.
  3734 | D:2      | 3734 ||| READING 2 scrolls of identify.
  3734 | D:2      | 3734 ||| IDENTIFYING fuming ruby potion
  3735 | D:2      | 3735 ||| DROPPING potion of berserk rage.
  3907 | D:3      | Found a bloodstained altar of Trog.
  3911 | D:3      | Noticed a wizard
  3917 | D:3      | Killed a wizard
  3958 | D:3      | 3958 ||| Stepping ~*~*~tactically~*~*~ (stealth).
  3974 | D:3      | Reached skill level 4 in Axes
  3985 | D:3      | 3985 ||| Stepping ~*~*~tactically~*~*~ (stealth).
  3998 | D:3      | 3998 ||| Stepping ~*~*~tactically~*~*~ (stealth).
  4014 | D:3      | 4014 ||| Stepping ~*~*~tactically~*~*~ (stealth).
  4039 | D:3      | Found a snail-covered altar of Cheibriados.
  4191 | D:3      | 4191 ||| SWAPPING to +0 hand axe.
  4234 | D:3      | 4234 ||| Stepping ~*~*~tactically~*~*~ (stealth).
  4421 | D:3      | 4421 ||| DROPPING +3 leather armour.
  4422 | D:3      | 4422 ||| UPGRADING to +0 chain mail.
  4432 | D:3      | 4432 ||| DROPPING +0 ring mail.
  4433 | D:3      | 4433 ||| UPGRADING to +0 cloak.
  4438 | D:3      | 4438 ||| UPGRADING to +0 pair of gloves.
  4443 | D:3      | 4443 ||| READING scroll labelled RAURCHY NONASK.
  4544 | D:3      | 4544 ||| READING scroll labelled ALLO UDIPN.
  4545 | D:3      | 4545 ||| DRINKING 2 inky potions.
  4590 | D:4      | Found Cicwyr's Antique Armour Boutique.
  4590 | D:4      | Found an ornate altar of the Wu Jian Council.
  4602 | D:4      | 4602 ||| Stepping ~*~*~tactically~*~*~ (hiding).
  4603 | D:4      | 4603 ||| Stepping ~*~*~tactically~*~*~ (hiding).
  4617 | D:4      | Killed from afar by an orc priest

Levels and vault maps discovered:
D:1:      eino_arrival_cavern_c, layout_loops_cross, serial_shops, shop,
          shapermc_ecumenical_altar_acropolis, serial_glass, glass_columns_a,
          glass_columns_b, glass_columns_a, glass_columns_b, glass_columns_a,
          glass_columns_b
D:2:      layout_basic, minmay_crystal_room, lexackson_kobold_supper,
          uniq_jessica
D:3:      layout_rooms, trog_wizard, slow_altar_1
D:4:      layout_basic, general_overflow_altar, overflow_temple_1_default,
          serial_shops, nicolae_stop_n_shop_1

Skill      XL: |  1  2  3  4  5 |
---------------+----------------+-----
Axes           | 1 2 3 4 |  4.0
Fighting       | 1 2 |  2.6
Short Blades   | |  0.8
Armour         | |  0.4
Dodging        | |  1.7
Stealth        | |  3.2
Spellcasting   | |  1.7
Hexes          | |  2.4

Action                   |  1- 3 |  4- 6 || total
-------------------------+-------+-------++-------
Melee: Whip              |   248 |    38 ||   286
       Punch             |     2 |       ||     2
       Morningstar       |       |   104 ||   104
       Hand axe          |       |    55 ||    55
  Use: Scroll            |     3 |     4 ||     7
       Potion            |       |     3 ||     3
 Stab: Distracted        |       |     1 ||     1
Armor: Robe              |    16 |       ||    16
       Ring mail         |    77 |    84 ||   161
       Chain mail        |       |    31 ||    31
Dodge: Dodged            |   144 |   114 ||   258

Table legend:
 A = Non-vault XP
 B = Vault XP
 C = Vault XP percentage of total XP
 D = Non-vault monster count
 E = Vault monster count
 F = Vault count percentage of total count
                 A         B        C        D         E       F
            +---------+---------+-------+---------+---------+-------
      Total |     219 |      54 |  19.8 |      75 |      10 |  11.8
            +---------+---------+-------+---------+---------+-------
        D:1 |      46 |       0 |   0.0 |      25 |       0 |   0.0
        D:2 |     108 |      49 |  31.2 |      30 |       9 |  23.1
        D:3 |      52 |       5 |   8.8 |      19 |       1 |   5.0
        D:4 |      13 |       0 |   0.0 |       1 |       0 |   0.0
            +---------+---------+-------+---------+---------+-------
